 Dungeon Crawl Stone Soup version 0.29.0-13-gc9e81de378 (webtiles) character file.

Game seed: 326022025164990648

2 ILmort the Shooter (level 1, -1/17 HPs)
             Began as a Barachi Hunter on Sept 10, 2022.
             Slain by a quokka (2 damage)
             ... on level 1 of the Dungeon.
             The game lasted 00:00:30 (91 turns).

ILmort the Shooter (Barachi Hunter)                   Turns: 91, Time: 00:00:30

Health: -1/17      AC:  3    Str: 12    XL:     1   Next: 30%
Magic:  1/1        EV: 12    Int:  9    God:
Gold:   0          SH:  0    Dex: 15    Spells: 0/0 levels left

rFire   . . .      SeeInvis .   a - +0 shortbow
rCold   . . .      Faith    .   (shield currently unavailable)
rNeg    . . .      Spirit   .   c - +0 leather armour
rPois   .          Reflect  .   (no helmet)
rElec   .          Harm     .   (no cloak)
rCorr   .          Rampage  .   (no gloves)
Will    .....                   (no boots)
Stlth   +.........              (no amulet)
HPRegen 0.05/turn               (no ring)
MPRegen 0.07/turn               (no ring)

@: slow
A: amphibious, slowness 1, strong legs 1, +LOS
a: Hop


You were on level 1 of the Dungeon.
You visited 1 branch of the dungeon, and saw 1 of its levels.

Inventory:

Hand Weapons
 a - a +0 shortbow (weapon)
Armour
 c - a +0 leather armour (worn)
Scrolls
 b - a scroll of immolation
Potions
 d - a potion of berserk rage {unknown}


   Skills:
 - Level 2.4 Fighting
 + Level 4.1 Ranged Weapons
 - Level 2.1 Dodging
 - Level 0.8 Stealth


You couldn't memorise any spells.
You didn't know any spells.
Your spell library was empty.

Dungeon Overview and Level Annotations

Branches:
Dungeon (1/15)

Altars:


Innate Abilities, Weirdness & Mutations

You are amphibious.
You cover ground slowly.
You can hop short distances.
You have an extended range of vision and can be seen from far away.


Message History

You closely miss the quokka. The quokka closely misses you.
The quokka bites you but does no damage.
You clumsily bash the quokka but do no damage.
The quokka barely misses you. The quokka misses you.
You barely miss the quokka. The quokka barely misses you. x2
You closely miss the quokka. The quokka completely misses you.
The quokka bites you.
You clumsily bash the quokka but do no damage.
The quokka bites you but does no damage.
You clumsily bash the quokka but do no damage.
The quokka completely misses you.
The quokka bites you but does no damage.
You clumsily bash the quokka but do no damage.
The quokka closely misses you.
The quokka bites you but does no damage.
You clumsily bash the quokka but do no damage.
The quokka bites you but does no damage.
The quokka closely misses you.
You clumsily bash the quokka but do no damage.
The quokka bites you. The quokka completely misses you.
You barely miss the quokka. The quokka barely misses you.
You completely miss the quokka.
The quokka bites you but does no damage.
The quokka closely misses you.
You clumsily bash the quokka but do no damage.
The quokka bites you.
* * * LOW HITPOINT WARNING * * *
The quokka bites you.
* * * LOW HITPOINT WARNING * * *
The quokka attacks as you move away!
The quokka bites you but does no damage.
You barely miss the quokka. The quokka closely misses you.
The quokka barely misses you.
You closely miss the quokka. The quokka bites you.
* * * LOW HITPOINT WARNING * * *
The quokka bites you but does no damage.
You clumsily bash the quokka but do no damage.
The quokka bites you but does no damage.
The quokka bites you.
You die...

...≈#....#.####)#####..#
..###..####........#
..#g#..# #........#
#####..# #........#
..##...# #........#
..##..## #........#
###...# ###........#
#...### #..........#
....# #..#####.@.##
....# #.######r..# ###.#
#......K#### #.#
#....†.......... #..
..............##.
#......####..........
#..... #........#. ....
.........# ........##


You could see a quokka and a kobold.

Vanquished Creatures
  A frilled lizard (D:1)
  A kobold (D:1)
  A rat (D:1)
3 creatures vanquished.

Notes
Turn   | Place    | Note
-------+----------+-------------------------------------------
     0 | D:1      | ILmort the Barachi Hunter began the quest for the Orb.
     0 | D:1      | Reached XP level 1. HP: 17/17 MP: 1/1
    91 | D:1      | Slain by a quokka

Illustrated notes

Levels and vault maps discovered:
D:1:      lordsloth_arrival_two_stooges, layout_basic,
          hellmonk_ecumenical_altar_arch_garden

Action                   || total
-------------------------++-------
Melee: Shortbow          ||    15
 Fire: Shortbow          ||    17
Armor: Leather armour    ||    16
Dodge: Dodged            ||    27
